 Dungeon Crawl Stone Soup version 0.28-a0-1638-g9123634e07 (webtiles) character file.

Game seed: 13350314956533926435

46 sanka the Thaumaturge (level 3, 0/25 HPs)
             Began as a Gnoll Wanderer on Jan 25, 2022.
             Slain by a centaur zombie (4 damage)
             ... on level 3 of the Dungeon.
             The game lasted 00:03:23 (2445 turns).

sanka the Thaumaturge (Gnoll Wanderer)              Turns: 2445, Time: 00:03:23

Health: 0/25       AC:  2    Str: 11    XL:     3   Next: 68%
Magic:  14/15      EV: 13    Int: 13    God:
Gold:   110        SH:  0    Dex: 11    Spells: 20/24 levels left

rFire   . . .      SeeInvis .   p - +0 quarterstaff
rCold   . . .      Faith    .   (shield currently unavailable)
rNeg    . . .      Spirit   .   d - +0 robe
rPois   .          Reflect  .   (no helmet)
rElec   .          Harm     .   (no cloak)
rCorr   .          Rampage  .   (no gloves)
Will    .....                   (no boots)
Stlth   +.........              (no amulet)
HPRegen 0.08/turn               (no ring)
MPRegen 0.14/turn               m - ring of flight

@: flying
A: fangs 1, strong nose, distributed training
a: no special abilities


You were on level 3 of the Dungeon.
You visited 1 branch of the dungeon, and saw 3 of its levels.

You collected 110 gold pieces.


Innate Abilities, Weirdness & Mutations

You have very sharp teeth.
Your uncanny sense of smell can sniff out nearby items.
Your experience applies equally to all skills.


   Skills:
 + Level 0.9 Fighting
 + Level 0.9 Short Blades
 + Level 0.9 Long Blades
 + Level 0.9 Axes
 + Level 0.9 Maces & Flails
 + Level 0.9 Polearms
 + Level 0.9 Staves
 + Level 0.9 Slings
 + Level 0.9 Bows
 + Level 0.9 Crossbows
 + Level 2.6 Throwing
 + Level 0.9 Armour
 + Level 4.5 Dodging
 + Level 0.9 Stealth
 + Level 0.9 Shields
 + Level 0.9 Unarmed Combat
 + Level 11.3 Spellcasting
 + Level 0.6 Conjurations
 + Level 0.6 Hexes
 + Level 0.6 Summonings
 + Level 0.6 Necromancy
 + Level 0.6 Translocations
 + Level 0.6 Transmutations
 + Level 0.6 Fire Magic
 + Level 0.6 Ice Magic
 + Level 0.6 Air Magic
 + Level 2.1 Earth Magic
 + Level 0.6 Poison Magic
 + Level 1.0 Invocations
 + Level 0.9 Evocations


You had 20 spell levels left.
You knew the following spells:

 Your Spells              Type           Power      Damage    Failure   Level
x - Spider Form           Tmut/Pois      9%         N/A       22%         3
z - Sandblast             Erth           26%        2d8       4%          1

Your spell library contained the following spells:

 Spells                   Type           Power      Damage    Failure   Level
 Summon Small Mammal      Summ           36%        N/A       8%          1
 Ensorcelled Hibernation  Hex/Ice        18%        N/A       12%         2
 Scorch                   Fire           18%        2d6       12%         2
 Stone Arrow              Conj/Erth      22%        3d8       17%         3
 Confusing Touch          Hex            9%         N/A       22%         3
 Teleport Other           Tloc           9%         N/A       22%         3
 Anguish                  Hex/Necr       4%         N/A       58%         4
 Flame Wave               Conj/Fire      9%         2d5       58%         4
 Summon Cactus Giant      Summ           4%         N/A       100%        6

Inventory:

Hand Weapons
 a - a +0 dagger
 j - a +0 spear
 p - a +0 quarterstaff (weapon)
Missiles
 b - 12 poisoned darts
 c - 86 stones
Armour
 d - a +0 robe (worn)
Jewellery
 m - a ring of flight (right hand)
Scrolls
 e - a scroll of noise {unknown}
 f - a scroll of silence {unknown}
 h - 2 scrolls of immolation {unknown}
 i - a scroll of teleportation {unknown}
 k - 2 scrolls of blinking {unknown}
 n - a scroll of fear {unknown}
 o - 2 scrolls of identify {unknown}
Potions
 g - a potion of magic {unknown}
 l - a potion of attraction {unknown}

Dungeon Overview and Level Annotations

Branches:
Dungeon (3/15)

Altars:

... ▒▒ .. ▒. ..
▒▒▒▒.▒▒▒.
▒........
▒.......▒
.▒......Z▒
........g▒▒▒▒▒▒▒
▒......<.......
▒.......▒▒▒▒▒▒▒
▒.......▒
▒▒▒▒▒▒▒▒▒


You could see a centaur zombie.


Message History

The centaur zombie misses you.
You barely miss the centaur zombie.
The centaur zombie is moderately damaged.
The centaur zombie hits you.
The centaur zombie kicks you but does no damage.
The centaur zombie misses you. The centaur zombie barely misses you.
You hit the centaur zombie but do no damage.
The centaur zombie is moderately damaged.
The centaur zombie hits you. The centaur zombie kicks you.
* * * LOW HITPOINT WARNING * * *
You hit the centaur zombie.
The centaur zombie is heavily damaged.
The centaur zombie misses you. The centaur zombie closely misses you.
The centaur zombie hits you.
* * * LOW HITPOINT WARNING * * *
The centaur zombie closely misses you.
You hit the centaur zombie.
The centaur zombie is heavily damaged.
The centaur zombie hits you.
* * * LOW HITPOINT WARNING * * *
The centaur zombie kicks you but does no damage.
The centaur zombie closely misses you. The centaur zombie barely misses you.
The blast of sand hits the centaur zombie.
The centaur zombie is severely damaged.
The centaur zombie hits you.
You die...

Action                   || total
-------------------------++-------
Melee: Dagger            ||    24
       Spear             ||    63
       Bite              ||     8
       Punch             ||     1
       Quarterstaff      ||    33
Throw: Dart              ||     2
 Cast: Sandblast         ||    11
 Stab: Sleeping          ||     3
Armor: Robe              ||    19
Dodge: Dodged            ||    91

Levels and vault maps discovered:
D:1:      heliophobic_arrival_enchanted_forest, layout_basic
D:2:      layout_loops_ring, chequers_ecumenical_altar_simple
D:3:      layout_loops_ring, minmay_shallow_snake_nest

Notes
Turn   | Place    | Note
-------+----------+-------------------------------------------
     0 | D:1      | Reached skill level 11 in Spellcasting
     0 | D:1      | sanka the Gnoll Wanderer began the quest for the Orb.
     0 | D:1      | sanka set off with the following items: a +0 dagger, 9
                  | poisoned darts, 70 stones, a +0 robe; and the following
                  | spells available to memorise: Sandblast, Summon Small
                  | Mammal, Stone Arrow, Confusing Touch, Teleport Other
     0 | D:1      | Reached XP level 1. HP: 13/13 MP: 12/12
    27 | D:1      | Learned a level 1 spell: Sandblast
   191 | D:1      | HP: 1/13 [hobgoblin (1)]
   195 | D:1      | Reached skill level 2 in Earth Magic
   525 | D:1      | Reached XP level 2. HP: 13/19 MP: 11/14
  1434 | D:2      | Reached XP level 3. HP: 14/25 MP: 11/15
  1904 | D:2      | Reached skill level 1 in Invocations
  1993 | D:2      | Learned a level 3 spell: Spider Form
  2307 | D:2      | Found a faded altar of an unknown god.
  2445 | D:3      | Slain by a centaur zombie

Vanquished Creatures
  An adder (D:2)
  2 worms (D:2)
  3 bats
  2 endoplasms
  A giant cockroach (D:1)
  3 goblins
  5 hobgoblins
  A quokka (D:1)
  5 ball pythons (D:2)
  2 frilled lizards (D:1)
  4 kobolds
  5 rats
34 creatures vanquished.
